 Dungeon Crawl Stone Soup version 0.29-a0-284-gf9362112df (webtiles) character file.

Game seed: 15235393937899089962

136 siradein the Skirmisher (level 4, 0/40 HPs)
             Began as a Draconian Fighter on Mar 25, 2022.
             Slain by an orc wizard
             ... wielding a +0 dagger
              (2 damage)
             ... on level 3 of the Dungeon.
             The game lasted 00:03:39 (2999 turns).

siradein the Skirmisher (Draconian Fighter)         Turns: 2999, Time: 00:03:40

Health: 0/40       AC:  5    Str: 16 (19) XL:     4   Next: 98%
Magic:  4/4        EV: 13    Int:  7 (8)  God:
Gold:   208        SH:  5    Dex: 16 (18) Spells: 3/3 levels left

rFire   . . .      SeeInvis .   a - +0 long sword
rCold   . . .      Faith    .   b - +0 buckler
rNeg    . . .      Spirit   .   (body armour unavailable)
rPois   .          Reflect  .   (helmet restricted)
rElec   .          Harm     .   (no cloak)
rCorr   .          Rampage  .   (no gloves)
Will    .....                   (no boots)
Stlth   +.........              (no amulet)
HPRegen 0.13/turn               j - +6 ring of dexterity
MPRegen 0.09/turn               (no ring)

@: no status effects
A: AC +5, unfitting armour, cold-blooded
a: no special abilities


You were on level 3 of the Dungeon.
You visited 1 branch of the dungeon, and saw 3 of its levels.

You collected 208 gold pieces.

Inventory:

Hand Weapons
 a - a +0 long sword (weapon)
Missiles
 n - 6 stones (quivered)
Armour
 b - a +0 buckler (worn)
Jewellery
 j - a +6 ring of dexterity (left hand)
 p - a +6 ring of strength
Scrolls
 d - 2 scrolls of identify {unknown}
 e - a scroll of fog {unknown}
 f - a scroll of fear {unknown}
 g - 3 scrolls of teleportation {unknown}
 i - a scroll of magic mapping {unknown}
 l - a scroll of noise {unknown}
Potions
 c - a potion of might
 h - a potion of cancellation {unknown}
 k - a potion of curing {unknown}
 m - a potion of degeneration
 o - a potion of lignification {unknown}
 q - a potion of attraction {unknown}


   Skills:
 + Level 4.2 Fighting
 + Level 3.0 Long Blades
 + Level 3.4 Dodging
 + Level 3.8 Shields


You had 3 spell levels left.
You didn't know any spells.
Your spell library contained the following spells:

 Spells                   Type           Power      Damage    Failure   Level
 Sandblast                Erth           0%         2d4       52%         1
 Passwall                 Tmut/Erth      0%         N/A       65%         2
 Sublimation of Blood     Necr           0%         N/A       65%         2
 Wereblood                Tmut           0%         N/A       65%         2
 Stone Arrow              Conj/Erth      0%         3d7       87%         3
 Summon Hydra             Summ           0%         N/A       100%        7


Dungeon Overview and Level Annotations

Branches:
Dungeon (3/15)

Altars:


Innate Abilities, Weirdness & Mutations

Your plain brown scales are hard. (AC +5)
You cannot fit into any form of body armour.
You are cold-blooded and may be slowed by cold attacks.


Message History

Reactivating autopickup.
You feel a bit more experienced.
Your Long Blades skill increases to level 3!
You slash the orc!
You kill the orc!
Something hits you.
Deactivating autopickup; reactivate with Ctrl-A.
No target in view!
No target in view!
No target in view!
You hit something. Something completely misses you.
You barely miss something. You block something's attack.
You slash something! You tail-slap something.
You hear some strange, mumbled words.
A puff of flame appears from out of thin air!
The puff of flame hits you!
You closely miss something.
Your tail-slap misses something.
Something hits you but does no damage.
You hear some strange, mumbled words.
A puff of flame appears from out of thin air!
The puff of flame hits you.
You barely miss something.
You hear some strange, mumbled words.
A puff of flame appears from out of thin air!
The puff of flame hits you!
You closely miss something.
You hear some strange, mumbled words.
A puff of flame appears from out of thin air!
The puff of flame hits you!
* * * LOW HITPOINT WARNING * * *
You miss something. Something hits you but does no damage.
You block something's attack.
You miss something. Something hits you.
* * * LOW HITPOINT WARNING * * *
Unknown command.
It was a potion of degeneration.
There was something very wrong with that liquid.
You feel weakened.
You feel dopey.
You feel clumsy. Something hits you.
You die...

#...#.......# #.#
#...#.......# #.#
#...#.......###.[
#...###..........
#...#############
#...†....# #
#...#.##.# #
######..#.##.# #
#...@{..#.##.# #
#.####..#.##.# #
# #.....#.# #
#o##..#.########
#.##..#.........
#.##..#.########
#.. .#.# {o #.#
#.#


There were no monsters in sight!

Vanquished Creatures
  2 orc wizards (D:3)
  An iguana (D:3)
  An adder (D:3)
  2 dart slugs (D:3)
  2 orcs (D:3)
  2 bats (D:2)
  6 endoplasms
  4 giant cockroaches
  5 goblins
  7 hobgoblins
  5 ball pythons
  A frilled lizard (D:1)
  4 kobolds
  9 rats
51 creatures vanquished.

Notes
Turn   | Place    | Note
-------+----------+-------------------------------------------
     0 | D:1      | siradein the Draconian Fighter began the quest for the Orb.
     0 | D:1      | Reached XP level 1. HP: 19/19 MP: 1/1
   129 | D:1      | Reached XP level 2. HP: 26/26 MP: 2/2
  1124 | D:2      | Found a faded altar of an unknown god.
  1222 | D:2      | Reached XP level 3. HP: 31/33 MP: 3/3
  2421 | D:3      | Reached skill level 4 in Fighting
  2421 | D:3      | Reached XP level 4. HP: 14/40 MP: 4/4
  2998 | D:3      | HP: 1/40 [something (2)]
  2999 | D:3      | Slain by an orc wizard

Illustrated notes

Levels and vault maps discovered:
D:1:      dreamdust_arrival_sigmund_warning, layout_basic
D:2:      layout_basic, ebering_ecumenical_altar_petrified, dk_noncrumbling_4,
          minmay_octomino_c4
D:3:      layout_basic, nicolae_elevator_lobby_asterisk

Skill      XL: |  1  2  3  4 |
---------------+-------------+-----
Dodging        | 3 |  3.4
Fighting       | 4 |  4.2
Long Blades    | 3 |  3.0
Shields        | |  3.8

Action                   |  1- 3 |  4- 6 || total
-------------------------+-------+-------++-------
Melee: Long sword        |    99 |    33 ||   132
       Tailslap          |    16 |     5 ||    21
Throw: Stone             |       |     2 ||     2
  Use: Potion            |       |     1 ||     1
 Stab: Sleeping          |     5 |       ||     5
Armor: Skin              |    19 |     5 ||    24
Dodge: Dodged            |    51 |    10 ||    61
Block: Buckler           |    18 |     5 ||    23

Table legend: (Time is in decaauts)
 A = Elapsed time spent in this place.
 B = Non-inter-level travel time spent in this place.
 C = Inter-level travel time spent in this place.
 D = Time resting spent in this place.
 E = Time spent auto-exploring this place.
 F = Levels seen in this place.
 G = Mean time per level.
                   A        B        C        D        E       F      G
               +--------+--------+--------+--------+--------+-----+--------+
         Total |   3045 |   3012 |     33 |    199 |   2422 |   3 | 1015.0 |
       Dungeon |   3045 |   3012 |     33 |    199 |   2422 |   3 | 1015.0 |
               +--------+--------+--------+--------+--------+-----+--------+

Top non-repeatable levels by time:
     D:3: 1146 daAuts
     D:1: 1100 daAuts
     D:2: 798 daAuts
